p, neutral female human Valkyrie ----------- ###########################g### |.........| % # -.--------- |..........## -------- U # #..........| |.........|#########.......| # ###|.........| |........>| |.@@...| `#############-.........| |..........# |.......## ### |%........| -----------# |....%.| ##############+.........| # ---|--- # ---|------- # ## # # # # # # # ### # # # # # # ## ### ###### ### # --.----- #---------------- #####^########## |......| #...............| ---.-----------# |..[...| |..............| |..[....<.....|#####....)..| |..............| |.............|# -------- |.....p........| |.............| ---------------- --------------- p the Woman-at-arms Experience level: 13 Strength: 18/13 Dexterity: 14 Constitution: 18 Intelligence: 8 Wisdom: 10 Charisma: 9 Health: 0(105) Energy: 35(35) Def: 15 Gold: 0 Moves: 26616 Dungeon seed: VNtiuCjnnZSt4i_K Game ID: p_1469452297 Your Inventory: Weapons a - the blessed rustproof +0 Mjollnir (weapon in hand) Armor e - an uncursed burnt +3 small shield (being worn) g - an uncursed thoroughly rusty +2 pair of iron shoes (being worn) n - an uncursed +2 dwarvish cloak (being worn) v - an uncursed +0 dwarvish iron helm (being worn) y - an uncursed burnt +0 pair of leather gloves (being worn) T - an uncursed +0 dwarvish mithril-coat (being worn) Tools i - a blessed bag of holding j - an uncursed sack k - an uncursed skeleton key l - a blessed magic lamp (lit) t - an uncursed towel x - a +0 pick-axe (alternate weapon; not wielded) Gems z - a blessed luckstone Contents of the bag of holding: 13122 gold pieces the +0 Trollsbane 4 uncursed carrots 4 uncursed food rations an uncursed lembas wafer an uncursed lizard corpse 3 uncursed pancakes a blessed tin of spinach an uncursed scroll of amnesia 2 uncursed scrolls of light a cursed scroll of magic mapping a cursed scroll of stinking cloud an uncursed spellbook of magic mapping a cursed spellbook of magic missile an uncursed potion of booze 3 uncursed potions of extra healing a blessed potion of gain level an uncursed potion of water a cursed ring of teleportation a wand of magic missile (0:4) an uncursed bell 4 uncursed tallow candles (0:200) a +0 unicorn horn an uncursed agate stone an uncursed amethyst stone 2 cursed worthless pieces of black glass 2 uncursed worthless pieces of blue glass a cursed worthless piece of blue glass 12 uncursed worthless pieces of green glass 3 uncursed worthless pieces of orange glass 4 uncursed worthless pieces of red glass 2 uncursed worthless pieces of white glass an uncursed worthless piece of yellowish brown glass Contents of the sack: a wand of cold (0:8) Spells and supernatural/magical abilities: Name Level Category Fail Memory I - identify 3* divination 100% 0% V - teleportitis -- ability ? -- W - pray for help -- divine ? -- Your skills at the end: Fighting Skills Weapon Skills dagger [Basic] long sword [Basic] hammer [Skilled] Spellcasting Skills Final Attributes: You were piously aligned. You were cold resistant. You were sleep resistant. You were poison resistant. You were blinded. You were telepathic. You were stealthy. You could teleport. You had teleport control. You were fast. You were very lucky. You had extra luck. Good luck did not time out for you. You are dead. Vanquished creatures: 2 titanotheres a frost giant 2 ghosts a watch captain 2 queen bees 4 giant mimics a zruty 3 fire giants a flesh golem 4 large mimics a wumpus a long worm a stalker an air elemental an earth elemental a black naga an elf-lord a water demon 2 wargs 9 small mimics 3 warhorses a xan a quantum mechanic 12 trolls a sasquatch a pyrolisk 2 large dogs 2 shocking spheres 2 large cats a tiger a dwarf king 6 tengu 2 leocrottas 2 energy vortices 2 mountain centaurs 2 elf mummies 4 human mummies a red naga 2 cobras 2 wraiths 2 carnivorous apes an ettin zombie a leather golem 8 Grey-elves 3 watchmen 2 chameleons 3 giant beetles a quivering blob 3 cockatrices 4 wolves 4 winter wolf cubs a panther 2 spotted jellies 23 leprechauns 7 giant spiders 2 horses an ice vortex 2 black lights 2 vampire bats 6 gnome kings 3 orc mummies a dwarf mummy 2 brown puddings 2 rust monsters an owlbear 5 yetis a gold golem 2 werewolves a Green-elf 2 lizards 3 dogs 2 dingos 5 housecats 4 jaguars a dwarf lord 5 blue jellies a white unicorn 2 dust vortices 4 ravens 4 plains centaurs a gnome mummy 8 snakes 6 water moccasins 6 apes 2 human zombies a rope golem 4 Woodland-elves 4 soldier ants 6 fire ants 4 bugbears 2 imps 2 quasits 3 wood nymphs 4 water nymphs a mountain nymph 2 Mordor orcs 3 orc shamans 4 rock piercers a rock mole 5 ponies 4 yellow lights 2 shriekers 4 violet fungi 20 gnome lords 6 gnomish wizards 4 kobold mummies a red naga hatchling 3 gray oozes a barrow wight 2 elf zombies 2 ghouls 2 straw golems 5 paper golems 6 little dogs 5 floating eyes 2 kittens 28 dwarves a homunculus 9 kobold lords 2 kobold shamans 27 hill orcs 6 rothes 4 rabid rats 5 giant bats 6 monkeys 7 orc zombies a dwarf zombie 2 wererats a werejackal 4 iguanas 28 killer bees 3 acid blobs 3 coyotes 2 gas spores 8 hobbits 14 manes 2 large kobolds 10 hobgoblins 9 giant rats a cave spider a brown mold 6 yellow molds 4 green molds 2 red molds 72 gnomes 16 garter snakes 2 gnome zombies 10 geckos 10 jackals 6 foxes 4 kobolds 11 goblins 16 sewer rats 5 grid bugs 2 bats 11 lichens 9 kobold zombies 18 newts 745 creatures vanquished. Voluntary challenges: You used a wielded weapon 1054 times, starting on turn 1. You read items or engraved 16 times, starting on turn 5225. You never genocided any monsters. You never polymorphed an object. You never changed form. You used no wishes. You split 1 pudding, starting on turn 8159. You never wrote Elbereth's name. You violated your moral code, losing 341 points of alignment, starting on turn 6298. Dungeon overview: The Dungeons of Doom: levels 1 to 25 Level 1 a fountain a long staircase Level 2 an altar to Odin stairs to The Gnomish Mines Level 3 a fountain Level 4 some fountains Level 5 many fountains Level 6 some fountains stairs to Sokoban Level 7 a fountain Level 8 a general store, a fountain Level 9 a general store Level 10 a general store Level 11 a jewelry store, a fountain portal to The Quest Level 12 a throne Level 13 a general store Level 14 Level 15 Level 16 a general store, a fountain Level 17 an altar to Odin, a fountain Level 18 Level 19 Level 20 Level 21 Level 22 a fountain Level 23 a fountain Level 24 <- You were here a temple to Odin Level 25 The Gnomish Mines: levels 3 to 11 Level 3 stairs to The Dungeons of Doom Level 4 Level 5 Level 6 many shops, a temple to Loki, some fountains Level 7 Level 8 Level 9 Level 10 Level 11 a fountain The Quest: Level 1 a fountain portal to The Dungeons of Doom Sokoban: levels 2 to 5 Level 2 Level 3 Level 4 Level 5 stairs to The Dungeons of Doom History has recorded: On T:1 you entered the Dungeons of Doom to retrieve the Amulet of Yendor! On T:136 you reached level 2 of The Dungeons of Doom. On T:381 you reached level 3 of The Dungeons of Doom. On T:455 you reached level 1 of The Gnomish Mines. On T:769 you advanced to experience level 2. On T:987 you reached level 4 of The Dungeons of Doom. On T:1428 you advanced to experience level 3. On T:1577 you advanced to experience level 4. On T:1710 you received Mjollnir from Odin. On T:1878 you reached level 2 of The Gnomish Mines. On T:1935 you advanced to experience level 5. On T:2796 you reached level 3 of The Gnomish Mines. On T:3415 you advanced to experience level 6. On T:4109 you reached level 4 of The Gnomish Mines. On T:4689 you advanced to experience level 7. On T:5553 you reached level 5 of The Gnomish Mines. On T:6478 you advanced to experience level 8. On T:6735 you reached level 6 of The Gnomish Mines. On T:8215 you reached level 7 of The Gnomish Mines. On T:8492 you reached level 8 of The Gnomish Mines. On T:8704 you advanced to experience level 9. On T:8805 you reached level 9 of The Gnomish Mines. On T:11400 you reached level 5 of The Dungeons of Doom. On T:11909 you reached level 6 of The Dungeons of Doom. On T:12101 you reached level 7 of The Dungeons of Doom. On T:12226 you reached level 4 of Sokoban. On T:12712 you reached level 3 of Sokoban. On T:14109 you reached level 2 of Sokoban. On T:14521 you reached level 1 of Sokoban. On T:15326 you advanced to experience level 10. On T:15819 you reached level 8 of The Dungeons of Doom. On T:17129 you reached level 9 of The Dungeons of Doom. On T:17357 you reached level 10 of The Dungeons of Doom. On T:17370 you reached level 11 of The Dungeons of Doom. On T:17757 you reached level 1 of The Quest. On T:17803 you reached level 12 of The Dungeons of Doom. On T:17884 you reached level 13 of The Dungeons of Doom. On T:18391 you reached level 14 of The Dungeons of Doom. On T:18788 you reached level 15 of The Dungeons of Doom. On T:19405 you reached level 16 of The Dungeons of Doom. On T:19433 you reached level 17 of The Dungeons of Doom. On T:19537 you advanced to experience level 11. On T:21210 you advanced to experience level 12. On T:21411 you reached level 18 of The Dungeons of Doom. On T:21652 you reached level 19 of The Dungeons of Doom. On T:21793 you reached level 20 of The Dungeons of Doom. On T:24037 you reached level 21 of The Dungeons of Doom. On T:25114 you reached level 22 of The Dungeons of Doom. On T:25425 you reached level 23 of The Dungeons of Doom. On T:26267 you reached level 24 of The Dungeons of Doom. On T:26426 you advanced to experience level 13. On T:26503 you reached level 25 of The Dungeons of Doom. Score breakdown: Gold: 13122 (14008 points) Experience: 13 levels (19298 points) Exploration: 25 levels ( 49.02%) (20784 points) Discoveries: 24 items ( 9.76%) ( 9370 points) Valuables value: (no points given unless you survive) Artifact value: 4000 (12253 points) Variety of kills: 158 monsters ( 41.47%) (19319 points) Turncount: 26616 turns (-3824 points) Survival: died (score multiplied by 80%) Total score: 72966 Latest messages: Your eyes feel better. The massive hammer hits the priestess of Loki. The priestess of Loki swings her mace. The priestess of Loki hits! The priestess of Loki kicks! The priestess of Loki casts a spell! The priestess of Loki looks better. The massive hammer hits the priestess of Loki. You hear crashing rock. The priestess of Loki swings her mace. The priestess of Loki hits! The priestess of Loki kicks! The priestess of Loki points at you, then curses. The massive hammer hits the priestess of Loki. The priestess of Loki swings her mace. The priestess of Loki hits! The priestess of Loki kicks! The priestess of Loki casts a spell at you! Scales cover your eyes! You hit the priestess of Loki. (2x) The priestess of Loki hits! You die... Final status: Farvel p the Valkyrie, killed by a priestess of Loki... You died in The Dungeons of Doom on dungeon level 24 with 72966 points, and 13122 pieces of gold, after 26616 moves. You were level 13 with a maximum of 105 hit points when you died.